 Dungeon Crawl Stone Soup version 0.29.0-11-gd7f09526c8 (webtiles) character file.

Game seed: 615318051068001535

110991 robertstho the Brawler (level 16, -6/88 HPs)
             Began as a Vine Stalker Berserker on Sept 6, 2022.
             Was a High Priest of Trog.
             Mangled by a jorogumo simulacrum (14 damage)
             ... on level 1 of the Spider Nest.
             The game lasted 00:41:08 (21985 turns).

robertstho the Brawler (Vine Stalker Berserker)    Turns: 21985, Time: 00:41:10

Health: -6/88      AC: 27    Str: 25    XL:     16   Next: 56%
Magic:  0/26       EV:  6    Int: 17    God:    Trog [*****.]
Gold:   344        SH: 12    Dex: 17    Spells: 15/15 levels left

rFire   x . .      SeeInvis +     - Unarmed
rCold   . . .      Faith    .   l - +0 tower shield {rPois}
rNeg    . . .      Spirit   +   u - +3 plate armour of Vanity {rF- rCorr Int+5}
rPois   +          Reflect  .   H - +1 hat {Stlth+}
rElec   .          Harm     .   L - +0 cloak
rCorr   +          Rampage  .   Y - +1 pair of gloves of Wasted Space {Int+5}
Will    ++...                   B - +0 pair of boots
Stlth   ..........              d - amulet of regeneration
HPRegen 1.84/turn               J - ring of see invisible
MPRegen 0.20/turn               T - ring of magical power

@: on berserk cooldown, studying 2 skills
A: fangs 3, regeneration 1, magic shield, antimagic bite, no potion heal 2
a: Renounce Religion, Berserk, Trog's Hand, Brothers in Arms


You were on level 1 of the Spider Nest.
You worshipped Trog.
Trog was extremely pleased with you.
You visited 5 branches of the dungeon, and saw 24 of its levels.
You also visited: Gauntlet.

You collected 3091 gold pieces.
You spent 2747 gold pieces at shops.

Inventory:

Armour
 h - +0 fire dragon scales
 l - a +0 tower shield of poison resistance (worn)
 o - a +0 plate armour of cold resistance
 u - the +3 plate armour of Vanity (worn) {rF- rCorr Int+5}
   (You found it on level 4 of the Dungeon)

   Int:       It affects your intelligence (+5).
   rF:        It makes you vulnerable to fire.
   rCorr:     It protects you from acid and corrosion.
 B - a +0 pair of boots (worn)
 H - a +1 hat of stealth (worn)
 L - a +0 cloak (worn)
 S - the +2 ring mail of Absence {rElec Int+2}
   (You bought it in a shop on level 4 of the Dungeon)

   Int:       It affects your intelligence (+2).
   rElec:     It insulates you from electricity.
 Y - the +1 pair of gloves of Wasted Space (worn) {Int+5}
   (You found it in a Gauntlet)

   Int:       It affects your intelligence (+5).
Jewellery
 d - an amulet of regeneration (around neck)
 g - a ring of willpower
 y - an amulet of the acrobat
 C - an amulet of magic regeneration
 D - the ring "Vifocw" {Wiz rCorr Int+6}
   (You found it in a Gauntlet)

   [ring of wizardry]

   It improves your spell success rate.
   Int:       It affects your intelligence (+6).
   rCorr:     It protects you from acid and corrosion.
 G - a ring of poison resistance
 J - a ring of see invisible (left hand)
 T - a ring of magical power (right hand)
 V - a ring of positive energy
Wands
 s - a wand of paralysis (7)
 A - a wand of mindburst (7)
 F - a wand of polymorph (2)
 O - a wand of iceblast (9)
Scrolls
 b - a scroll of enchant weapon
 e - 4 scrolls of brand weapon
 f - 2 scrolls of butterflies
 i - 5 scrolls of poison
 k - a scroll of identify
 n - 18 scrolls of teleportation
 t - 5 scrolls of magic mapping
 v - 4 scrolls of enchant armour
 w - 2 scrolls of fear
 E - 2 scrolls of summoning
 K - a scroll of silence
 N - a scroll of blinking
 P - a scroll of immolation
Potions
 a - 4 potions of flight
 c - a potion of resistance
 j - 3 potions of invisibility
 m - 12 potions of curing
 p - a potion of ambrosia
 q - 5 potions of might
 r - 4 potions of mutation
 z - 3 potions of magic
 M - 4 potions of haste
 X - a potion of cancellation
Miscellaneous
 I - a box of beasts


   Skills:
 * Level 12.0 Fighting
 * Level 15.6 Armour
 + Level 4.5 Dodging
 + Level 3.0 Stealth
 + Level 0.7 Shields
 + Level 20.3 Unarmed Combat
 + Level 1.2 Evocations


You had 15 spell levels left.
You didn't know any spells.
Your spell library was empty.

Dungeon Overview and Level Annotations

Branches:
Dungeon (15/15)            Temple (0/1) D:7            Lair (5/5) D:10
  Swamp (1/4) Lair:2       Spider (1/4) Lair:2        Slime (0/5) Lair:4
    Orc (2/2) D:11            Elf (0/3) Orc:2        Vaults (0/5) D:14
 Depths (0/4) D:15        Gauntlet (visited)

Altars:
Cheibriados
Dithmenos
Fedhas
Nemelex Xobeh
Okawaru
Ru
Trog
Uskayaw
Vehumet
Xom
Yredelemnul
Zin
The Shining One

Shops:
D:4 ==?[:   D:6 ?   Orc:1 :   Orc:2 (:?*[

Portals:
Trove: D:12 (give 6 scrolls of fear)


Innate Abilities, Weirdness & Mutations

You have razor-sharp teeth.
Your natural rate of healing is unusually fast.
When hurt, damage is shared between your health and your magic reserves.
Your bite disrupts and absorbs the magic of your enemies.
Potions cannot restore your health.


Message History

* * * LOW HITPOINT WARNING * * *
Unknown command.
You hit the jorogumo but do no damage. Your bite misses the jorogumo.
The jorogumo is severely wounded.
The jorogumo hits you but does no damage.
You completely miss the jorogumo. Your bite misses the jorogumo.
The jorogumo is severely wounded.
The jorogumo falters for a moment.
The jorogumo hits you!
* * * LOW HITPOINT WARNING * * *
You feel as though you will be slow longer.
You pulverise the jorogumo!!!
You kill the jorogumo!
Trog accepts your kill.
Trog appreciates your killing of a magic user.
A freezing mist starts to gather...
A jorogumo simulacrum comes into view.
You pummel the jorogumo simulacrum!!
The jorogumo simulacrum is severely damaged.
You block the jorogumo simulacrum's attack.
You hit the jorogumo simulacrum.
Your bite misses the jorogumo simulacrum.
The jorogumo simulacrum is severely damaged.
The jorogumo simulacrum hits you but does no damage.
The jorogumo simulacrum hits you!
* * * LOW HITPOINT WARNING * * *
The jorogumo simulacrum freezes you!
* * * LOW HITPOINT WARNING * * *
You barely miss the jorogumo simulacrum.
Your bite misses the jorogumo simulacrum.
The jorogumo simulacrum is severely damaged.
You feel yourself speed up.
The jorogumo simulacrum hits you but does no damage.
The jorogumo simulacrum closely misses you.
You hit the jorogumo simulacrum but do no damage.
You bite the jorogumo simulacrum! You drain its power.
You feel invigorated.
The jorogumo simulacrum is almost destroyed.
The jorogumo simulacrum hits you.
* * * LOW HITPOINT WARNING * * *
The jorogumo simulacrum freezes you!
You die...

##.......#......# #....
...#......# #
#######..####.#†....#
#.#.^........##.)†...#
#...............##.....#
#...............## ###..
#......<.........#
..........Z......#
.........†@..........
#...............#....
#..............##..°..
...............# .##..
###...........## ..
###........## ##...#####
###$


You could see a jorogumo simulacrum.

Vanquished Creatures
  Saint Roka (Orc:2)
  Gastronok (D:9)
  Kirke (D:14)
  2 orc warlords
  A stone giant (D:15)
  Nessos (D:14)
  A minotaur (Gauntlet)
  A fire dragon (Lair:5)
  6 boulder beetles
  Harold (D:9)
  8 hydras
  6 centaur warriors
  A rakshasa (D:15)
  A jorogumo (Spider:1)
  4 two-headed ogres
  3 tengu warriors
  7 death yaks
  An orc high priest (Orc:2)
  A pharaoh ant (Spider:1)
  Amaemon (D:9)
  5 skeletal warriors (D:14)
  A fire crab (Lair:4)
  A bog body (Lair:2)
  A deep elf archer (Orc:1)
  A lindwurm (Lair:5)
  2 wizards (Gauntlet)
  5 orc knights
  2 orc sorcerers
  A deep elf zephyrmancer (Orc:1)
  2 necromancers (D:14)
  A salamander (shapeshifter) (D:13)
  4 cyclopes
  A wolf spider (D:15)
  4 deep elf pyromancers
  2 manticores
  11 ugly things
  6 black mambas
  18 elephants
  Maggie (D:7)
  A torpor snail (Spider:1)
  2 molten gargoyles (Lair:5)
  3 gargoyles
  8 cane toads
  An orange demon (D:9)
  A kobold demonologist (D:10)
  17 komodo dragons
  3 freezing wraiths
  An efreet (D:15)
  A demonic crawler (Spider:1)
  8 rime drakes (Lair:5)
  A red devil (Gauntlet)
  2 hornets
  5 trolls
  A polar bear (Lair:2)
  Grinder (D:5)
  Prince Ribbit (D:9)
  A tarantella (Spider:1)
  9 dream sheep
  9 slime creatures
  4 jumping spiders
  Sigmund (D:2)
  A shadow (D:11)
  28 yaks
  11 wyverns
  A spriggan (Swamp:1)
  2 water elementals (D:15)
  A wraith (D:11)
  3 hogs (D:14)
  12 basilisks
  Grum (D:9)
  5 vampire mosquitoes
  3 redbacks (Spider:1)
  A steam dragon (Lair:5)
  3 wargs
  An acid dragon (D:13)
  5 hell hounds (Lair:5)
  5 water moccasins
  A swamp drake (Swamp:1)
  25 orc warriors
  An ogre (D:5)
  A sky beast (D:6)
  3 black bears
  An ice beast (D:8)
  19 wolves
  8 centaurs
  4 kobold brigands
  A phantom (D:5)
  Blork the orc (Orc:2)
  8 bullfrogs
  A gnoll sergeant (D:9)
  4 necrophages
  3 scorpions
  13 wights
  15 killer bees
  7 electric eels
  2 vampire bats (Orc:2)
  7 howler monkeys
  5 lava snakes (Lair:5)
  2 hounds
  14 orc priests
  2 jellies
  4 iguanas (D:5)
  24 orc wizards
  3 hell rats (Lair:5)
  4 gnolls (D:9)
  9 adders
  A shadow imp (Gauntlet)
  4 white imps
  3 worms
  3 dart slugs
  74 orcs
  4 endoplasms
  2 giant cockroaches
  3 hobgoblins
  7 jackals
  4 quokkas
  2 ball pythons
  9 bats
  A frilled lizard (D:3)
  3 goblins
  16 kobolds
  5 rats
615 creatures vanquished.

Vanquished Creatures (collateral kills)
  A two-headed ogre (Orc:1)
  A death yak (Lair:5)
  The ghost of SpoonFarmer the Destroyer, a novice DrCj (D:8)
  An orc high priest (Orc:1)
  An orc knight (Orc:2)
  An orc sorcerer (Orc:2)
  5 elephants (Lair:4)
  5 komodo dragons
  A hellion (Gauntlet)
  A troll (Orc:1)
  3 blink frogs (Lair:4)
  4 dream sheep (Lair:5)
  8 yaks (Lair:4)
  A basilisk (Lair:5)
  A hell hound (Gauntlet)
  3 orc warriors
  A black bear (Lair:2)
  2 ogres
  9 kobold brigands (D:8)
  An orc priest (Orc:2)
  2 orc wizards (Orc:2)
  3 orcs (Orc:2)
56 creatures vanquished.

Vanquished Creatures (others)
  A spriggan (Swamp:1)
  A bloated husk (Swamp:1)
  A hornet (Swamp:1)
  A water elemental (D:15)
  2 humans (D:14)
  An orc priest (Orc:2)
  8 fungi
  41 plants
56 creatures vanquished.

Grand Total: 727 creatures vanquished

Notes
Turn   | Place    | Note
-------+----------+-------------------------------------------
     0 | D:1      | robertstho the Vine Stalker Berserker began the quest for
                  | the Orb.
     0 | D:1      | Reached XP level 1. HP: 11/11 MP: 2/2
   135 | D:1      | Found a faded altar of an unknown god.
   297 | D:1      | Reached XP level 2. HP: 15/16 MP: 3/3
   753 | D:2      | Reached XP level 3. HP: 5/20 MP: 0/4
   892 | D:2      | Noticed Sigmund
   898 | D:2      | Killed Sigmund
   899 | D:2      | Reached skill level 4 in Unarmed Combat
   899 | D:2      | Gained mutation: Your natural rate of healing is unusually
                  | fast. [Vine Stalker growth]
   899 | D:2      | Reached XP level 4. HP: 25/25 MP: 3/5
   899 | D:2      | Reached XP level 5. HP: 29/29 MP: 3/6
  1468 | D:3      | Reached XP level 6. HP: 33/33 MP: 5/7
  1567 | D:3      | Found Zin's Purification Station.
  1572 | D:3      | Found a glowing silver altar of Zin.
  1575 | D:3      | Bought a potion of curing for 90 gold pieces
  1615 | D:3      | Reached ** piety under Trog
  1722 | D:3      | Found a bloodstained altar of Trog.
  1722 | D:3      | Found a blossoming altar of Fedhas.
  1762 | D:3      | Found a sparkling altar of Nemelex Xobeh.
  1782 | D:3      | Found a shadowy altar of Dithmenos.
  1782 | D:3      | Found a basalt altar of Yredelemnul.
  1875 | D:4      | Found Hoki's Antique Armour Boutique.
  1902 | D:4      | Found Ziel's Book Emporium.
  1943 | D:4      | Noticed a +0 hand axe
  1943 | D:4      | Noticed a +0 hand axe
  1945 | D:4      | Found a hide-covered altar of Uskayaw.
  2001 | D:4      | Found Rata's Magic Scroll Emporium.
  2035 | D:4      | HP: 2/49 [poisoned by an adder]
  2268 | D:4      | Found Aphaapycs's Jewellery Shoppe.
  2270 | D:4      | Found Dewuvvui's Jewellery Shop.
  2283 | D:4      | Identified the +3 plate armour of Vanity {rF- rCorr Int+5}
  2493 | D:4      | Noticed a black bear
  2503 | D:4      | Killed a black bear
  2504 | D:4      | Reached XP level 7. HP: 35/38 MP: 6/8
  2536 | D:4      | Reached skill level 5 in Unarmed Combat
  2695 | D:5      | Entered Level 5 of the Dungeon
  2893 | D:5      | Gained mutation: You have razor-sharp teeth. [Vine Stalker
                  | growth]
  2893 | D:5      | Reached XP level 8. HP: 42/42 MP: 7/9
  3169 | D:5      | Reached skill level 6 in Unarmed Combat
  3194 | D:5      | Reached skill level 5 in Fighting
  3194 | D:5      | Reached skill level 5 in Armour
  3430 | D:5      | Noticed Grinder
  3439 | D:5      | Killed Grinder
  3439 | D:5      | Reached *** piety under Trog
  3718 | D:6      | Reached XP level 9. HP: 44/47 MP: 10/10
  3741 | D:6      | Found a glowing golden altar of the Shining One.
  3759 | D:6      | Found Dasuep's Magic Scroll Shop.
  3777 | D:6      | Bought a scroll of blinking for 105 gold pieces
  3777 | D:6      | Bought a scroll of identify for 28 gold pieces
  3921 | D:6      | Reached skill level 7 in Unarmed Combat
  4190 | D:7      | Found a staircase to the Ecumenical Temple.
  4633 | D:7      | Noticed Maggie
  4647 | D:7      | Killed Maggie
  4648 | D:7      | Reached skill level 8 in Unarmed Combat
  5191 | D:8      | Reached XP level 10. HP: 32/53 MP: 7/11
  5234 | D:8      | Reached skill level 9 in Unarmed Combat
  5351 | D:8      | Found a runed translucent gate.
  5351 | D:8      | Found a runed translucent gate.
  5351 | D:8      | Found a runed translucent gate.
  5353 | D:8      | Noticed SpoonFarmer's ghost (novice DrCj)
  5556 | D:8      | Reached **** piety under Trog
  5635 | D:8      | Killed SpoonFarmer's ghost
  5636 | D:8      | Reached skill level 1 in Stealth
  5636 | D:8      | Reached skill level 10 in Unarmed Combat
  5636 | D:8      | Reached skill level 1 in Evocations
  5775 | D:9      | Noticed Gastronok
  5792 | D:9      | Killed Gastronok
  5793 | D:9      | Reached skill level 11 in Unarmed Combat
  5793 | D:9      | Reached XP level 11. HP: 58/58 MP: 12/12
  5807 | D:9      | Found a sacrificial altar of Ru.
  5816 | D:9      | Noticed a two-headed ogre
  5852 | D:9      | Killed a two-headed ogre
  6014 | D:9      | Found a radiant altar of Vehumet.
  6051 | D:9      | Noticed Harold
  6063 | D:9      | Killed Harold
  6244 | D:9      | Found an iron altar of Okawaru.
  6285 | D:9      | Noticed Grum
  6296 | D:9      | Reached skill level 12 in Unarmed Combat
  6299 | D:9      | Killed Grum
  6562 | D:9      | Noticed Amaemon
  6571 | D:9      | Killed Amaemon
  6683 | D:9      | Noticed Prince Ribbit
  6691 | D:9      | Killed Prince Ribbit
  7047 | D:10     | Entered Level 10 of the Dungeon
  7061 | D:10     | Found a staircase to the Lair.
  7298 | D:10     | Identified the +1 robe of the King of the Hill {*Slow rElec
                  | Int+7}
  7313 | D:10     | Found a shimmering altar of Xom.
  7395 | D:10     | Found a snail-covered altar of Cheibriados.
  7422 | D:10     | Reached skill level 13 in Unarmed Combat
  7422 | D:10     | Reached ***** piety under Trog
  7430 | D:10     | Reached skill level 10 in Armour
  7932 | D:4      | Bought a crude scale mail for 261 gold pieces
  7932 | D:4      | Identified the +4 scale mail "Safofoad" {MP-9 Str+4 Slay+2}
                  | (You bought it in a shop on level 4 of the Dungeon)
  8049 | Lair:1   | Entered Level 1 of the Lair of Beasts
  8913 | D:4      | Bought a runed scarf for 232 gold pieces
  9051 | Lair:2   | Identified the +9 falchion "Rykh" {protect, *Noise Str+2
                  | Dex+5}
  9069 | Lair:2   | Reached XP level 12. HP: 62/64 MP: 13/13
  9133 | Lair:2   | Reached skill level 14 in Unarmed Combat
  9391 | Lair:2   | Found a hole to the Spider Nest.
  9393 | Lair:2   | Identified the +0 leather armour of Winter {rC+}
  9534 | Lair:2   | Reached skill level 15 in Unarmed Combat
  9652 | Lair:2   | Found a staircase to the Swamp.
  9868 | Lair:2   | Noticed a five-headed hydra
  9874 | Lair:2   | Killed a five-headed hydra
 10435 | D:4      | Bought a spiked ring mail for 261 gold pieces
 10435 | D:4      | Identified the +2 ring mail of Absence {rElec Int+2} (You
                  | bought it in a shop on level 4 of the Dungeon)
 10707 | Lair:3   | Reached XP level 13. HP: 44/70 MP: 12/14
 11391 | Lair:4   | Reached skill level 16 in Unarmed Combat
 11998 | Lair:4   | Found a staircase to the Slime Pits.
 12384 | Lair:5   | Entered Level 5 of the Lair of Beasts
 12388 | Lair:5   | Received a gift from Trog
 12411 | Lair:5   | Reached XP level 14. HP: 76/76 MP: 13/15
 12414 | Lair:5   | Reached skill level 10 in Fighting
 12438 | Lair:5   | Found a gate leading to a gauntlet.
 12447 | Gauntlet | Entered a Gauntlet
 12447 | Gauntlet | Found a transporter.
 12450 | Gauntlet | Found a transporter.
 12454 | Gauntlet | Noticed a reaper
 12466 | Gauntlet | Found a transporter.
 12470 | Gauntlet | Found a transporter.
 12482 | Gauntlet | Found a transporter.
 12500 | Gauntlet | Found a transporter.
 12504 | Gauntlet | Found a transporter.
 12507 | Gauntlet | Found a transporter.
 12530 | Gauntlet | Found a transporter.
 12537 | Gauntlet | Noticed a balrug
 12538 | Gauntlet | Found a transporter.
 12538 | Gauntlet | Found a transporter.
 12546 | Gauntlet | Found a transporter.
 12654 | Gauntlet | Identified the ring "Vifocw" {Wiz rCorr Int+6}
 12709 | Gauntlet | Identified the +1 pair of gloves of Wasted Space {Int+5}
 13066 | Lair:5   | Reached skill level 17 in Unarmed Combat
 13824 | Lair:5   | Found a large runed translucent door.
 13916 | Lair:5   | Found a large runed translucent door.
 13940 | Lair:5   | HP: 1/77 [molten gargoyle/+0 flail (8)]
 14614 | D:11     | Found a staircase to the Orcish Mines.
 14619 | D:11     | Reached skill level 18 in Unarmed Combat
 15363 | D:12     | Reached XP level 15. HP: 57/81 MP: 15/16
 15419 | D:12     | Found a portal to a secret trove of treasure.
 15802 | D:12     | Received a gift from Trog
 17377 | D:14     | Found a gate to the Vaults.
 17397 | D:14     | Noticed Kirke
 17421 | D:14     | Killed Kirke
 17460 | D:14     | Reached skill level 19 in Unarmed Combat
 17745 | D:14     | Noticed Nessos
 17750 | D:14     | Killed Nessos
 18028 | D:15     | Entered Level 15 of the Dungeon
 18371 | D:15     | Reached ****** piety under Trog
 18372 | D:15     | Received a gift from Trog
 18633 | D:15     | Found a staircase to the Depths.
 18909 | D:15     | Reached skill level 15 in Armour
 19291 | D:15     | Reached XP level 16. HP: 78/88 MP: 17/17
 19870 | Orc:1    | Entered Level 1 of the Orcish Mines
 19885 | Orc:1    | Found Ifauzxima's Book Shop.
 20008 | Orc:1    | Found the +9 sword of Zonguldrok {reap}
 20470 | D:6      | Bought a scroll of acquirement for 728 gold pieces
 20470 | D:6      | Bought a scroll of identify for 28 gold pieces
 20470 | D:6      | Bought a scroll of teleportation for 42 gold pieces
 20470 | D:6      | Bought 3 scrolls of identify for 84 gold pieces
 20470 | D:6      | Bought a scroll of identify for 28 gold pieces
 20626 | Orc:2    | Entered Level 2 of the Orcish Mines
 20627 | Orc:2    | Acquired 629 gold pieces
 20674 | Orc:2    | Received a gift from Trog
 20681 | Orc:2    | Noticed Blork the orc
 20699 | Orc:2    | Killed Blork the orc
 20716 | Orc:2    | Reached skill level 20 in Unarmed Combat
 20717 | Orc:2    | Noticed Saint Roka
 20744 | Orc:2    | HP: 4/132 [Saint Roka/divine providence (7)]
 21239 | Orc:2    | Killed Saint Roka
 21294 | Orc:2    | Found Mukhob's Book Shoppe.
 21296 | Orc:2    | Found Ybiabeti's Antique Weapon Shoppe.
 21302 | Orc:2    | Found Mexu's General Store.
 21423 | Orc:2    | Found a staircase to the Elven Halls.
 21470 | Orc:2    | Found Uwosoel's Antique Armour Shoppe.
 21476 | Orc:2    | Bought a runed tower shield for 300 gold pieces
 21579 | Orc:2    | Found Annomog's Magic Scroll Emporium.
 21587 | Orc:2    | Bought a scroll of fear for 64 gold pieces
 21587 | Orc:2    | Bought a scroll of teleportation for 48 gold pieces
 21587 | Orc:2    | Bought a scroll of fear for 64 gold pieces
 21587 | Orc:2    | Bought a scroll of teleportation for 48 gold pieces
 21587 | Orc:2    | Bought a scroll of torment for 152 gold pieces
 21587 | Orc:2    | Bought a scroll of blinking for 120 gold pieces
 21587 | Orc:2    | Bought a scroll of poison for 64 gold pieces
 21835 | Swamp:1  | Entered Level 1 of the Swamp
 21930 | Spider:1 | Entered Level 1 of the Spider Nest
 21945 | Spider:1 | Received a gift from Trog
 21985 | Spider:1 | Mangled by a jorogumo simulacrum

Illustrated notes

Levels and vault maps discovered:
D:1:      nzn_arrival_depleted_hourglass, layout_basic,
          hellmonk_ecumenical_altar_prayer_group
D:2:      layout_loops_corners, serial_undead, serial_undead_b, serial_undead_d,
          serial_undead_c, serial_undead_c, uniq_sigmund
D:3:      layout_rooms, nemelex_diamond_rough_becter, zin_purify,
          gammafunk_temple_overflow_elements, gammafunk_temple_overflow_wave
D:4:      layout_cave_pods, dancing_weapons_uskayaw, serial_shops, shop,
          nicolae_diamond_shop, shop_coins, shop, shop
D:5:      layout_gridville, grunt_ministairs_14, chequers_serial_rivers_marsh,
          uniq_grinder
D:6:      layout_rooms, tso_metal_star, serial_shops, shop,
          minmay_misc_feat_rows, grunt_ministairs_6
D:7:      layout_loops_ring, minmay_temple_entry_statues_fountains,
          hangedman_abyss_or_decor_passed, uniq_maggie
D:8:      layout_cave_pools, gammafunk_ghost_nasty_kobolds,
          corexii_leaking_fountain, minmay_manual_monstrance
D:9:      layout_stronghold, nicolae_vehumet_radiance, kennysheep_mini_moat,
          okawaru_trees_1, uniq_grum, uniq_harold, uniq_amaemon,
          uniq_prince_ribbit1, uniq_gastronok
D:10:     layout_roguey [special_room_orc], overflow_temple_1_default,
          kennysheep_slug_shrine, dpeg_oklobed_lair
D:11:     layout_irregular_city, orc_0_dummy
D:12:     layout_layer_cave, nicolae_trove_entry_free_sample
D:13:     layout_long_grid
D:14:     layout_loops_ring, david_vaults_1, uniq_kirke, uniq_nessos
D:15:     grunt_enter_depths_snipers, layout_stronghold, chequers_big_river
Lair:1:   layout_chaotic_city, lemuel_fruit_fields
Lair:2:   layout_cave_pods, skrybe_swamp_entry_bodies, spider_nest_entry_a,
          beast_lair_carwin_1, grunt_megastairs_2, serial_bayou_shore_b
Lair:3:   layout_cave_pods
Lair:4:   layout_regular_city, slime_entry_1, chequers_serial_rivers_room_a
Lair:5:   cheibrodos_lair_end_hotspot, layout_misc_corridors,
          gauntlet_entry_generic, special_room [special_room_mythical_zoo],
          serial_bayou_ford_a
Swamp:1:  layout_basic_swamp, nicolae_swamp_orc_logging_accident, swamp_pool3,
          infiniplex_staircase_pool
Spider:1: layout_chambers, uniq_jorgrun
Orc:1:    layout_caves, serial_shops, shop, elf_legates
Orc:2:    grunt_orc_cross, layout_diamond_mine, serial_shops, shop_scrolls,
          roderic_batcave, uniq_saint_roka

Skill      XL: |  1  2  3  4  5  6  7  8  9 10 11 12 13 14 15 16 |
---------------+-------------------------------------------------+-----
Fighting       | 3 4 5 6 7 9 10 11 12 | 12.0
Armour         | 2 3 4 5 7 9 10 11 13 14 15 | 15.6
Dodging        | 2 3 4 |  4.5
Unarmed Combat | 4 5 6 8 11 13 15 16 18 19 20 | 20.3
Stealth        | 1 2 3 |  3.0
Evocations     | 1 |  1.2
Shields        | |  0.7

Action                   |  1- 3 |  4- 6 |  7- 9 | 10-12 | 13-15 | 16-18 || total
-------------------------+-------+-------+-------+-------+-------+-------++-------
Melee: Unarmed           |    60 |   139 |   257 |   534 |   844 |   252 ||  2086
       Bite              |    13 |    34 |    80 |   193 |   374 |    87 ||   781
       Punch             |       |     4 |    15 |    46 |   134 |    25 ||   224
Invok: Berserk           |     2 |     2 |     5 |    12 |    15 |     6 ||    42
       Trog's Hand       |       |     1 |     1 |       |     1 |       ||     3
       Brothers in Arms  |       |       |       |     2 |     3 |     1 ||     6
Evoke: Wand              |       |       |       |     3 |     1 |       ||     4
  Use: Scroll            |       |     4 |     7 |     7 |    10 |     8 ||    36
       Potion            |       |       |     1 |       |     1 |       ||     2
 Stab: Sleeping          |       |     1 |       |       |       |       ||     1
       Invisible         |       |       |       |     1 |       |       ||     1
       Distracted        |       |       |       |       |     1 |       ||     1
Armor: Ring mail         |    14 |    34 |       |       |    30 |       ||    78
       Plate armour      |       |    12 |   180 |   417 |   488 |   154 ||  1251
Dodge: Dodged            |    30 |    79 |    98 |   285 |   340 |    86 ||   918
Block: Tower shield      |       |       |       |       |       |    47 ||    47
